 Dungeon Crawl Stone Soup version 0.29.1-1-gd02db6906a (webtiles) character file.

Game seed: 475395013940605517

77 hawla the Firebug (level 4, 0/33 HPs)
             Began as a Meteoran Fire Elementalist on Oct 10, 2022.
             Slain by an orc
             ... wielding a +0 club
              (4 damage)
             ... on level 2 of the Dungeon.
             The game lasted 00:02:36 (581 turns).

hawla the Firebug (Meteoran Fire Elementalist)       Turns: 581, Time: 00:02:36

Health: 0/33       AC:  2    Str:  9    XL:     4   Next: 89%
Magic:  10/10      EV: 12    Int: 19    God:
Gold:   27         SH:  0    Dex: 14    Spells: 7/10 levels left

rFire   . . .      SeeInvis .   (no weapon)
rCold   . . .      Faith    .   (no shield)
rNeg    . . .      Spirit   .   a - +0 robe
rPois   .          Reflect  .   (no helmet)
rElec   .          Harm     .   (no cloak)
rCorr   .          Rampage  .   (no gloves)
Will    .....                   (no boots)
Stlth   +.........              (no amulet)
HPRegen 0.11/turn               (no ring)
MPRegen 0.12/turn               (no ring)

@: attractive, very slightly contaminated, glowing
A: sense surroundings 1, otherworldly, glowing, explore regen
a: no special abilities


You were on level 2 of the Dungeon.
You visited 1 branch of the dungeon, and saw 2 of its levels.

You collected 27 gold pieces.

Inventory:

Armour
 a - a +0 robe (worn)
Scrolls
 d - a scroll of amnesia {unknown}
 e - a scroll of vulnerability {unknown}
 f - a scroll of enchant weapon {unknown}


   Skills:
 + Level 2.6 Dodging
 - Level 1.4 Stealth
 + Level 3.7 Spellcasting
 + Level 1.5 Conjurations
 + Level 5.2 Fire Magic


You had 7 spell levels left.
You knew the following spells:

 Your Spells              Type           Power      Damage    Failure   Level
a - Foxfire               Conj/Fire      64%        2x1d7     3%          1
b - Scorch                Fire           46%        2d7       2%          2

Your spell library contained the following spells:

 Spells                   Type           Power      Damage    Failure   Level
 Conjure Flame            Conj/Fire      16%        6-21      11%         3
 Inner Flame              Hex/Fire       13%        N/A       14%         3
 Flame Wave               Conj/Fire      16%        2d7       34%         4


Dungeon Overview and Level Annotations

Branches:
Dungeon (2/15) Zot: 618

Altars:

Shops:
D:1 =(*(


Innate Abilities, Weirdness & Mutations

You passively map a small area around you.
You are easily found by Zot.
You glow in the dark.
You regain HP and MP as you explore.


Message History

Casting: Scorch (safe; 3% risk of failure)
Confirm with . or Enter, or press ? or * to list all spells.
Flames lash the orc wizard.
The orc wizard is burned terribly!
You kill the orc wizard!
Your Fire Magic skill increases to level 5!
You have reached level 4!
The orc priest calls down the wrath of Beogh upon you.
Beogh smites you!
* * * LOW HITPOINT WARNING * * *
Casting: Scorch (safe; 2% risk of failure)
Confirm with . or Enter, or press ? or * to list all spells.
Flames lash the orc priest.
The orc priest is severely wounded.
The orc priest's fire resistance burns away.
The orc priest hits you but does no damage.
Casting: Scorch (safe; 2% risk of failure)
Confirm with . or Enter, or press ? or * to list all spells.
You conjure some foxfire!
The orc priest calls down the wrath of Beogh upon you.
Pain shoots through your body!
* * * LOW HITPOINT WARNING * * *
Casting: Foxfire (safe; 4% risk of failure)
Confirm with . or Enter, or press ? or * to list all spells.
Flames lash the orc.
You kill the orc!
The foxfire hits the orc priest.
The orc priest is burned terribly!
You kill the orc priest!
The foxfire hits the orc wizard but does no damage.
Casting: Scorch (safe; 2% risk of failure)
Confirm with . or Enter, or press ? or * to list all spells.
You miscast Foxfire.
You are very lightly contaminated with residual magic.
Nothing appears to happen.
Okay, then.
It was a potion of attraction.
You feel attractive to monsters.
The orc wizard hits you with a +0 dagger.
* * * LOW HITPOINT WARNING * * *
Magic courses through your body. The orc hits you with a +0 club.
You die...

.........#
........# ,
,.......# ,...
......# ** *>.. ,
..... , **....
,,.o. , * .....,
#'# ....
.##..####)# .....
,
.......@o.#......
* *
.###...o###......
, , ,
#.....<#..§... ,
, , *
####....#......
.. #........... *
......#....#.##*
* ......##...†.#
......##.#.#...#
,
#####....#.#.#.#


You could see an orc wizard and an orc.

Vanquished Creatures
  An orc priest (D:2)
  An orc wizard (D:2)
  An orc (D:2)
  4 ball pythons
  3 bats (D:1)
  3 endoplasms (D:1)
  A giant cockroach (D:1)
  2 hobgoblins (D:1)
  2 kobolds (D:1)
  A frilled lizard (D:1)
  4 rats (D:1)
23 creatures vanquished.

Vanquished Creatures (others)
  40 foxfires
40 creatures vanquished.

Grand Total: 63 creatures vanquished

Notes
Turn   | Place    | Note
-------+----------+-------------------------------------------
     0 | D:1      | hawla the Meteoran Fire Elementalist began the quest for
                  | the Orb.
     0 | D:1      | Reached XP level 1. HP: 14/14 MP: 5/5
    30 | D:1      | Found Fomacuwn's Jewellery Shop.
    42 | D:1      | Found a faded altar of an unknown god.
    83 | D:1      | Reached skill level 4 in Fire Magic
    83 | D:1      | Reached XP level 2. HP: 10/20 MP: 2/6
    86 | D:1      | Learned a level 2 spell: Scorch
   181 | D:1      | Found Zeekish's Weapon Emporium.
   361 | D:1      | Reached XP level 3. HP: 26/26 MP: 4/8
   395 | D:1      | Found Keatu's Assorted Antiques.
   422 | D:1      | Found Legimpodd's Antique Weapon Boutique.
   500 | D:1      | Glimpsed the power of Zot.
   550 | D:1      | Glimpsed the power of Zot.
   573 | D:2      | Reached skill level 5 in Fire Magic
   573 | D:2      | Reached XP level 4. HP: 22/33 MP: 5/10
   581 | D:2      | Slain by an orc

Illustrated notes

Levels and vault maps discovered:
D:1:      dpeg_arrival_houses_and_road, layout_basic, serial_shops,
          nicolae_shop_crystal, shop, shop, shop, shop,
          chequers_ecumenical_altar_simple_redux
D:2:      layout_basic, minmay_heptomino_d4

Skill      XL: |  1  2  3 |
---------------+----------+-----
Fire Magic     | 4 5 |  5.2
Spellcasting   | 3 |  3.7
Dodging        | |  2.6
Stealth        | |  1.4
Conjurations   | |  1.5

Action                   |  1- 3 |  4- 6 || total
-------------------------+-------+-------++-------
Melee: Unarmed           |     5 |       ||     5
 Cast: Foxfire           |    27 |     1 ||    28
       Scorch            |     8 |     2 ||    10
  Use: Potion            |       |     2 ||     2
Armor: Robe              |     5 |     1 ||     6
Dodge: Dodged            |     8 |       ||     8
